 Dungeon Crawl Stone Soup version 0.28-a0-1117-g0bdd5ba030 (webtiles) character file.

Game seed: 4823048262217166109

51 fragbeetle the Insei (level 3, -2/27 HPs)
             Began as a Merfolk Transmuter on Dec 12, 2021.
             Slain by a gnoll (8 damage)
             ... on level 3 of the Dungeon.
             The game lasted 00:07:54 (2640 turns).

fragbeetle the Insei (Merfolk Transmuter)           Turns: 2640, Time: 00:07:55

Health: -2/27      AC:  3    Str: 12    XL:     3   Next: 83%
Magic:  5/6        EV: 13    Int: 12    God:
Gold:   95         SH:  0    Dex: 14    Spells: 2/6 levels left

rFire   . . .      SeeInvis .     - Unarmed
rCold   . . .      Faith    .   (no shield)
rNeg    . . .      Spirit   .   a - +0 robe
rPois   .          Reflect  .   (helmet currently unavailable)
rElec   .          Harm     .   g - +0 cloak
rCorr   .          Rampage  .   (no gloves)
Will    .....                   (boots currently unavailable)
Stlth   +.........              (no amulet)
HPRegen 0.09/turn               (no ring)
MPRegen 0.10/turn               (no ring)

@: appendages
A: horns 2, (nimble swimmer 2), mertail
a: End Transformation


You were on level 3 of the Dungeon.
You had temporarily grown beastly horns.
You visited 1 branch of the dungeon, and saw 4 of its levels.

You collected 95 gold pieces.

Inventory:

Missiles
 m - 20 stones
Armour
 a - a +0 robe (worn)
 g - a +0 cloak (worn)
 j - a +0 helmet (melded)
Scrolls
 b - 3 scrolls of silence {unknown}
 c - a scroll of enchant weapon {unknown}
 d - 2 scrolls of identify {unknown}
 e - a scroll of teleportation {unknown}
 i - a scroll of immolation {unknown}
Potions
 f - a potion of attraction {unknown}
 h - a potion of heal wounds {unknown}
 k - a potion of mutation {unknown}
 l - a potion of haste {unknown}


   Skills:
 * Level 1.7 Fighting
 * Level 3.1 Dodging
 + Level 3.9 Unarmed Combat
 + Level 2.2 Spellcasting
 * Level 3.4 Transmutations
 * Level 0.6 Poison Magic


You had 2 spell levels left.
You knew the following spells:

 Your Spells              Type           Power      Damage    Failure   Level
a - Beastly Appendage     Tmut           18%        N/A       6%          1
b - Spider Form           Tmut/Pois      6%         N/A       34%         3

Your spell library contained the following spells:

 Spells                   Type           Power      Damage    Failure   Level
 Wereblood                Tmut           9%         N/A       10%         2
 Portal Projectile        Hex/Tloc       2%         N/A       63%         3
 Ice Form                 Ice/Tmut       5%         N/A       78%         4
 Blade Hands              Tmut           4%         N/A       87%         5
 Excruciating Wounds      Necr           0%         N/A       100%        5


Dungeon Overview and Level Annotations

Branches:
Dungeon (4/15)
 Temple: D:4-7

Altars:
Dithmenos
Fedhas
Wu Jian
Yredelemnul


Innate Abilities, Weirdness & Mutations

You have temporarily grown beastly horns.
((You are quick and stealthy near water. (Stealth+, EV+, Speed+++)))
Your lower body shifts to a powerful aquatic tail in water.


Message History

There is a stone staircase leading down here.
You start resting.
HP restored.
There is a stone staircase leading down here.
Found a stone staircase leading down.
You see here 20 stones.
m - 20 stones
There is a stone staircase leading down here.
You climb downwards.
There is a stone staircase leading up here.
The gnoll completely misses you.
You climb upwards.
There is a stone staircase leading down here.
Casting: Beastly Appendage (safe; 6% risk of failure)
Confirm with . or Enter, or press ? or * to list all spells.
You grow a pair of large bovine horns.
Your +0 helmet melds into your body.
The gnoll hits you with a +0 club.
You punch the gnoll!
The gnoll is heavily wounded.
The gnoll hits you with a +0 club.
You barely miss the gnoll.
The gnoll is heavily wounded.
The gnoll barely misses you.
You hit the gnoll.
The gnoll is severely wounded.
The gnoll misses you.
You barely miss the gnoll. Your headbutt misses the gnoll.
The gnoll is severely wounded.
The gnoll hits you with a +0 club!
You hit the gnoll but do no damage.
The gnoll is severely wounded.
The gnoll hits you with a +0 club!
* * * LOW HITPOINT WARNING * * *
You hit the gnoll.
The gnoll is almost dead.
The gnoll barely misses you.
You hit the gnoll.
The gnoll is almost dead.
The gnoll hits you with a +0 club!
You die...

###### .....#
############
.....####..........#
...................#
.....###...........#
...>.####..........#
................@g.#
......###..........#
......# ############
......#####
.#........###
.####.###...########
.........##........#
................####
.<.........######


You could see a gnoll.

Vanquished Creatures
  2 worms (D:2)
  An orc (D:3)
  5 ball pythons
  7 bats
  8 endoplasms
  2 goblins
  3 hobgoblins
  4 jackals
  A kobold (D:2)
  2 quokkas (D:1)
  2 frilled lizards (D:1)
  4 rats (D:1)
41 creatures vanquished.

Vanquished Creatures (others)
  A plant (D:1)
1 creature vanquished.

Grand Total: 42 creatures vanquished

Notes
Turn   | Place    | Note
-------+----------+-------------------------------------------
     0 | D:1      | fragbeetle the Merfolk Transmuter began the quest for the
                  | Orb.
     0 | D:1      | Reached XP level 1. HP: 15/15 MP: 3/3
   219 | D:1      | Reached XP level 2. HP: 12/21 MP: 5/5
  1189 | D:2      | Found a basalt altar of Yredelemnul.
  1269 | D:2      | Reached XP level 3. HP: 26/26 MP: 4/6
  1282 | D:2      | Learned a level 3 spell: Spider Form
  1557 | D:2      | Found a faded altar of an unknown god.
  2271 | D:3      | Found a blossoming altar of Fedhas.
  2408 | D:4      | Found an ornate altar of the Wu Jian Council.
  2408 | D:4      | Found a shadowy altar of Dithmenos.
  2640 | D:3      | Slain by a gnoll

Illustrated notes

Levels and vault maps discovered:
D:1:      lightli_arrival_windingriver, layout_loops_ring
D:2:      layout_basic, basic_altar, chequers_ecumenical_altar_lobes,
          feat_on_display
D:3:      layout_rooms, mainiacjoe_overflow_brackets
D:4:      layout_gridville, okawaru_metal_pillars_1_2, makhleb_heckhound_becter,
          general_overflow_altar, gammafunk_temple_overflow_elements,
          minmay_manual_mandibuliform

Skill      XL: |  1  2  3 |
---------------+----------+-----
Transmutations | 3 |  3.4
Dodging        | 3 |  3.1
Fighting       | |  1.7
Unarmed Combat | |  3.9
Spellcasting   | |  2.2
Poison Magic   | |  0.6

Action                   || total
-------------------------++-------
Melee: Unarmed           ||   125
       Headbutt          ||    14
       Punch             ||     5
 Cast: Beastly Appendage ||    30
 Stab: Sleeping          ||     1
Armor: Robe              ||    19
Dodge: Dodged            ||    60

Table legend: (Time is in decaauts)
 A = Elapsed time spent in this place.
 B = Non-inter-level travel time spent in this place.
 C = Inter-level travel time spent in this place.
 D = Time resting spent in this place.
 E = Time spent auto-exploring this place.
 F = Levels seen in this place.
 G = Mean time per level.
                   A        B        C        D        E       F      G
               +--------+--------+--------+--------+--------+-----+--------+
         Total |   2629 |   2531 |     98 |    767 |    902 |   4 |  657.2 |
       Dungeon |   2629 |   2531 |     98 |    767 |    902 |   4 |  657.2 |
               +--------+--------+--------+--------+--------+-----+--------+

Top non-repeatable levels by time:
     D:1: 1174 daAuts
     D:2: 803 daAuts
     D:3: 613 daAuts
     D:4: 38 daAuts
